 Dungeon Crawl Stone Soup version 0.31-a0-543-geaa9c7a2c0 (webtiles) character file.

Game seed: 1302305369514198265

31 Ethylacetat the Insei (level 3, 0/25 HPs)
             Began as an Octopode Gladiator on Aug 15, 2023.
             Slain by Terence
             ... wielding a +2 flail of protection
              (10 damage)
             ... on level 2 of the Dungeon.
             The game lasted 00:00:38 (729 turns).

Ethylacetat the Insei (Octopode Gladiator)           Turns: 729, Time: 00:00:39

Health: 0/25       AC:  1    Str: 13    XL:     3   Next: 22%
Magic:  3/3        EV: 14    Int: 10    God:
Gold:   47         SH:  0    Dex: 15    Spells: 2/2 levels left

rFire   . .          .
                       - Unarmed
rCold   . . .        (no shield)
rNeg    . . .        a - +0 hat
rPois   .            (no amulet)
rElec   .            (no ring)
rCorr   .            (no ring)
SInv    .            (no ring)
Will    .....        (no ring)
Stlth   ++           (no ring)
HPRegen 0.24/turn    (no ring)
MPRegen 0.08/turn    (no ring)
                     (no ring)

%: no passive effects
@: no status effects
A: almost no armour, amphibious, 8 rings, camouflage 1, gelatinous body 1,
(nimble swimmer 1), tentacles
a: no special abilities


You were on level 2 of the Dungeon.
You visited 1 branch of the dungeon, and saw 2 of its levels.

You collected 47 gold pieces.

Inventory:

Missiles
 b - 3 throwing nets (quivered)
 c - a javelin
Armour
 a - a +0 hat (worn)
Scrolls
 d - a scroll of revelation {unknown}
 e - a scroll of immolation {unknown}


   Skills:
 + Level 2.4 Fighting
 + Level 2.4 Throwing
 + Level 3.3 Dodging
 + Level 3.3 Unarmed Combat


You had 2 spell levels left.
You didn't know any spells.
Your spell library was empty.

Dungeon Overview and Level Annotations

Branches:
Dungeon (2/15)

Altars:

Annotations:
D:2 Terence


Innate Abilities, Weirdness & Mutations

You cannot wear most types of armour.
You are amphibious.
You can wear up to eight rings at the same time.
Your skin changes colour to match your surroundings (Stealth+).
Your rubbery body absorbs attacks. (AC +1, EV +1)
((You are camouflaged when in or above water. (Stealth+)))
You have tentacles for arms and can constrict up to eight enemies at once.


Message History

The helpless endoplasm fails to defend itself.
You tentacle-slap the endoplasm. You squeeze the endoplasm.
You kill the endoplasm!
There is an open door here.
Done exploring.
No target in view!
Done exploring.
No target in view!
Key pressed, stopping explore.
No target in view!
Done exploring.
No target in view!
Key pressed, stopping explore.
No target in view!
There is a dry fountain here.
There is a fountain of clear blue water here.
There is a dry fountain here.
There is a staircase leading out of the dungeon here.
There is an escape hatch in the floor here.
There is a staircase leading out of the dungeon here.
There is a dry fountain here.
There is a dry fountain here.
There is a stone staircase leading down here.
You climb downwards.
There is a stone staircase leading up here.
Terence is nearby!
Terence is nearby!
Found 11 gold pieces.
Terence shouts!
A rat comes into view.
Terence says, "Did you write a will?
You should..."
Terence hits you with a +2 flail of protection.
You tentacle-slap Terence but do no damage.
You grab Terence.
You constrict Terence, but do no damage.
Terence hits you with a +2 flail of protection!
You are too injured to fight recklessly!
You release your grip on Terence.
Terence attacks as you move away!
Terence hits you with a +2 flail of protection!
You die...

#.# #.#
#####.##
#......#
#<# ###.#
#...#
#.### #@#
#.@$..#
#.r...#
#.......
#.....###
#.....#
###.###
#.#


You could see Terence and a rat.

Vanquished Creatures
  4 endoplasms (D:1)
  A giant cockroach (D:1)
  A goblin (D:1)
  3 hobgoblins (D:1)
  3 jackals (D:1)
  2 quokkas (D:1)
  2 ball pythons (D:1)
  8 bats (D:1)
  A frilled lizard (D:1)
  2 rats (D:1)
27 creatures vanquished.

Notes
Turn   | Place    | Note
-------+----------+-------------------------------------------
     0 | D:1      | Ethylacetat the Octopode Gladiator began the quest for the
                  | Orb.
     0 | D:1      | Reached XP level 1. HP: 14/14 MP: 1/1
   119 | D:1      | Reached XP level 2. HP: 19/19 MP: 2/2
   353 | D:1      | Reached XP level 3. HP: 25/25 MP: 3/3
   723 | D:2      | Noticed Terence
   729 | D:2      | Slain by Terence

Illustrated notes

Levels and vault maps discovered:
D:1:      dpeg_arrival_lava_temple_mockup, layout_basic
D:2:      layout_loops_ring, grunt_ministairs_2, uniq_crazy_yiuf_cottage,
          uniq_terence

Action                     || total
---------------------------++-------
  Melee: Unarmed           ||    43
         Constrict         ||    12
         Tentacles         ||    11
   Stab: Sleeping          ||    10
 Armour: Skin              ||     2
  Dodge: Dodged            ||    26

Table legend: (Time is in decaauts)
 A = Elapsed time spent in this place.
 B = Non-inter-level travel time spent in this place.
 C = Inter-level travel time spent in this place.
 D = Time resting spent in this place.
 E = Time spent auto-exploring this place.
 F = Levels seen in this place.
 G = Mean time per level.
                   A        B        C        D        E       F      G
               +--------+--------+--------+--------+--------+-----+--------+
         Total |    726 |    686 |     40 |      0 |    542 |   2 |  363.0 |
       Dungeon |    726 |    686 |     40 |      0 |    542 |   2 |  363.0 |
               +--------+--------+--------+--------+--------+-----+--------+

Top non-repeatable levels by time:
     D:1: 721 daAuts
     D:2: 5 daAuts
